 Dungeon Crawl Stone Soup version 0.31-a0-233-g139696dc86 (webtiles) character file.

Game seed: 9928425202896165263

204 Nattfarinn the Magician (level 5, -1/28 HPs)
             Began as a Deep Elf Venom Mage on July 9, 2023.
             Slain by a wyvern (19 damage)
             ... on level 4 of the Dungeon.
             The game lasted 00:08:50 (3766 turns).

Nattfarinn the Magician (Deep Elf Venom Mage)       Turns: 3766, Time: 00:08:56

Health: -1/28      AC:  3    Str:  5    XL:     5   Next: 52%
Magic:  10/15      EV: 17    Int: 22    God:
Gold:   163        SH:  0    Dex: 15    Spells: 4/15 levels left

rFire   + . .        (no weapon)
rCold   + . .        (no shield)
rNeg    . . .        a - +0 robe
rPois   .            (no helmet)
rElec   .            w - scarf {rC+ rF+}
rCorr   +            u - +0 pair of gloves
SInv    .            (no boots)
Will    .....        (no amulet)
Stlth   ++           q - +5 ring of evasion
HPRegen 0.24/turn    s - ring of resist corrosion
MPRegen 0.14/turn

%: no passive effects
@: no status effects
A: no striking features
a: no special abilities


You were on level 4 of the Dungeon.
You visited 1 branch of the dungeon, and saw 4 of its levels.

You collected 163 gold pieces.

Inventory:

Missiles
 k - a throwing net
Armour
 a - a +0 robe (worn)
 u - a +0 pair of gloves (worn)
 v - a +0 cloak
 w - a scarf of resistance (worn)
Jewellery
 h - a ring of fire
 q - a +5 ring of evasion (left hand)
 s - a ring of resist corrosion (right hand)
Wands
 n - a wand of iceblast (5)
Scrolls
 c - 2 scrolls of teleportation {unknown}
 d - 2 scrolls of revelation {unknown}
 e - a scroll of enchant armour {unknown}
 i - 3 scrolls of poison {unknown}
 l - a scroll of fear {unknown}
 m - 6 scrolls of identify {unknown}
 p - a scroll of enchant weapon {unknown}
Potions
 b - a potion of magic
 f - 2 potions of brilliance {unknown}
 g - 4 potions of curing {unknown}
 j - a potion of invisibility {unknown}
 o - a potion of heal wounds {unknown}
 r - a potion of degeneration {unknown}
 t - 3 potions of haste {unknown}


   Skills:
 - Level 2.4 Dodging
 - Level 2.4 Stealth
 + Level 5.9 Spellcasting
 - Level 1.1 Transmutations
 + Level 5.4 Poison Magic


You had 4 spell levels left.
You knew the following spells:

 Your Spells              Type           Power      Damage    Failure   Level
a - Sting                 Tmut/Pois      80%        1d7       2%          1
b - Poisonous Vapours     Pois/Air       36%        N/A       4%          2
c - Olgreb's Toxic Radia  Pois           30%        N/A       10%         4
d - Mephitic Cloud        Conj/Pois/Air  14%        N/A       13%         3
e - Freeze                Ice            24%        1d4       10%         1

Your spell library contained the following spells:

 Spells                   Type           Power      Damage    Failure   Level
 Magic Dart               Conj           24%        1d4       10%         1
 Necrotise                Necr           24%        1d5       10%         1
 Call Imp                 Summ           12%        N/A       14%         2
 Frozen Ramparts          Ice            12%        1d2       28%         3
 Hailstorm                Conj/Ice       6%         3d4       28%         3
 Vampiric Draining        Necr           6%         2d6       28%         3
 Agony                    Necr           6%         N/A       95%         5


Dungeon Overview and Level Annotations

Branches:
Dungeon (4/15)             Temple (0/1) D:4

Altars:
Fedhas
Xom

Shops:
D:1 =


Message History

Aiming: Freeze (safe; 10% risk of failure)
Press: ? - help, Shift-Dir - straight line, f - wyvern
Aim: a wyvern You freeze the wyvern.
The wyvern is lightly wounded.
The wyvern bites you! The wyvern barely misses you.
Casting: Freeze (safe; 10% risk of failure)
Confirm with . or Enter, or press ? or * to list all spells.
Aiming: Freeze (safe; 10% risk of failure)
Press: ? - help, Shift-Dir - straight line, f/p - wyvern
Aim: a wyvern (lightly wounded)
You freeze the wyvern.
The wyvern is moderately wounded.
The wyvern misses you.
Casting: Freeze (safe; 10% risk of failure)
Confirm with . or Enter, or press ? or * to list all spells.
Aiming: Freeze (safe; 10% risk of failure)
Press: ? - help, Shift-Dir - straight line, f/p - wyvern
Aim: a wyvern (lightly wounded)
You freeze the wyvern.
The wyvern is moderately wounded.
The wyvern misses you. The wyvern closely misses you.
Casting: Freeze (safe; 10% risk of failure)
Confirm with . or Enter, or press ? or * to list all spells.
Aiming: Freeze (safe; 10% risk of failure)
Press: ? - help, Shift-Dir - straight line, f/p - wyvern
Aim: a wyvern (moderately wounded)
You freeze the wyvern.
The wyvern is moderately wounded.
The wyvern barely misses you.
Casting: Freeze (safe; 10% risk of failure)
Confirm with . or Enter, or press ? or * to list all spells.
Aiming: Freeze (safe; 10% risk of failure)
Press: ? - help, Shift-Dir - straight line, f/p - wyvern
Aim: a wyvern (moderately wounded)
You freeze the wyvern.
The wyvern is heavily wounded.
The wyvern bites you!!
Ouch! That really hurt!
You die...

... ..# ...#. .....
#.#######......
#.......#......
#.@l...... #.<#...)##
#### #.######.#######
...⌠#
...........#...#.....#
##########...8....>...
###...#...O.# #####
...⌠# ####


You could see a wyvern.

Vanquished Creatures
  An ogre (D:4)
  Terence (D:2)
  3 adders
  A worm (D:3)
  2 dart slugs
  4 ball pythons
  4 bats
  6 endoplasms
  7 giant cockroaches
  3 goblins
  8 hobgoblins
  2 jackals (D:2)
  5 kobolds
  3 frilled lizards (D:1)
  6 rats
56 creatures vanquished.

Notes
Turn   | Place    | Note
-------+----------+-------------------------------------------
     0 | D:1      | Nattfarinn the Deep Elf Venom Mage began the quest for the
                  | Orb.
     0 | D:1      | Reached XP level 1. HP: 10/10 MP: 6/6
    39 | D:1      | Found Nuacomme's Jewellery Emporium.
   236 | D:1      | Reached XP level 2. HP: 15/15 MP: 3/8
   907 | D:1      | Reached XP level 3. HP: 19/19 MP: 6/10
  1591 | D:2      | Noticed Terence
  1596 | D:2      | Learned a level 2 spell: Poisonous Vapours
  1604 | D:2      | Killed Terence
  1605 | D:2      | Reached XP level 4. HP: 24/24 MP: 2/12
  2039 | D:2      | Reached skill level 5 in Spellcasting
  2650 | D:3      | Found a blossoming altar of Fedhas.
  2650 | D:3      | Found a shimmering altar of Xom.
  2853 | D:3      | Learned a level 4 spell: Olgreb's Toxic Radiance
  2857 | D:3      | Learned a level 3 spell: Mephitic Cloud
  3086 | D:3      | Identified the +8 chain mail of Budeejec {-Tele rElec SInv}
  3500 | D:4      | Found a staircase to the Ecumenical Temple.
  3647 | D:4      | Noticed an ogre
  3660 | D:4      | Killed an ogre
  3661 | D:4      | Reached skill level 5 in Poison Magic
  3661 | D:4      | Reached XP level 5. HP: 28/28 MP: 1/15
  3674 | D:4      | Noticed a wyvern
  3758 | D:3      | Learned a level 1 spell: Freeze
  3766 | D:4      | Slain by a wyvern

Illustrated notes

Levels and vault maps discovered:
D:1:      pf_arrival_petrified_forest, layout_loops_corners, serial_shops,
          nicolae_shop_tiny_statue_garden, minmay_worlds_worst_comb
D:2:      layout_basic, minmay_small_reverse_x, uniq_terence
D:3:      layout_loops_corners, gammafunk_temple_overflow_wave,
          serial_bayou_pond_c, serial_park_tiny_2, hangedman_decor_peaks_small,
          minivault_23
D:4:      layout_basic, minmay_temple_entry_antechambers

Skill      XL: |  1  2  3  4 |
---------------+-------------+-----
Spellcasting   | 4 5 |  5.9
Poison Magic   | 4 5 |  5.4
Dodging        | |  2.4
Stealth        | |  2.4
Transmutations | |  1.1

Action                     |  1- 3 |  4- 6 || total
---------------------------+-------+-------++-------
  Melee: Unarmed           |     1 |       ||     1
   Cast: Sting             |    63 |    44 ||   107
         Poisonous Vapours |     4 |     4 ||     8
         Mephitic Cloud    |       |     1 ||     1
         Freeze            |       |     5 ||     5
 Armour: Robe              |     4 |     2 ||     6
  Dodge: Dodged            |     8 |    13 ||    21

Table legend: (Time is in decaauts)
 A = Elapsed time spent in this place.
 B = Non-inter-level travel time spent in this place.
 C = Inter-level travel time spent in this place.
 D = Time resting spent in this place.
 E = Time spent auto-exploring this place.
 F = Levels seen in this place.
 G = Mean time per level.
                   A        B        C        D        E       F      G
               +--------+--------+--------+--------+--------+-----+--------+
         Total |   3774 |   3469 |    305 |     67 |   3045 |   4 |  943.5 |
       Dungeon |   3774 |   3469 |    305 |     67 |   3045 |   4 |  943.5 |
               +--------+--------+--------+--------+--------+-----+--------+

Top non-repeatable levels by time:
     D:1: 1410 daAuts
     D:3: 1147 daAuts
     D:2: 1145 daAuts
     D:4: 70 daAuts
